 Dungeon Crawl Stone Soup version 0.31-a0-675-g238779eb0a (webtiles) character file.

Game seed: 1726200548439475976

632 qw the Shooter (level 7, -17/43 HPs)
             Began as a Gargoyle Hunter on Sept 5, 2023.
             Killed from afar by Dowan (23 damage)
             ... with a shard of ice
             ... on level 4 of the Dungeon.
             The game lasted 00:01:32 (3297 turns).

qw the Shooter (Gargoyle Hunter)                    Turns: 3297, Time: 00:01:33

Health: -17/43     AC: 15    Str: 14    XL:     7   Next: 49%
Magic:  7/7        EV: 11    Int: 10    God:
Gold:   108        SH:  0    Dex: 15    Spells: 6/6 levels left

rFire   . . .        Y - +1 shortbow
rCold   . . .        (shield currently unavailable)
rNeg    + . .        h - +0 ring mail
rPois   inf          p - +1 hat
rElec   +            a - scarf {repulsion}
rCorr   .            f - +0 pair of gloves
SInv    .            j - +2 pair of boots
Will    .....        (no amulet)
Stlth   +            (no ring)
HPRegen 0.27/turn    (no ring)
MPRegen 0.10/turn

%: repel missiles
@: about to teleport
A: sickness immunity, AC +4, negative energy resistance 1, electricity
resistance, torment resistance 1, petrification resistance
a: no special abilities


You were on level 4 of the Dungeon.
You visited 1 branch of the dungeon, and saw 4 of its levels.

You collected 198 gold pieces.
You spent 90 gold pieces at shops.


Innate Abilities, Weirdness & Mutations

You are immune to sickness and miasma.
Your stone body is resilient. (AC +4)
You are immune to poison.
You resist negative energy. (rN+)
You are resistant to electric shocks. (rElec)
You are resistant to unholy torment.
You are immune to petrification.


   Skills:
 - Level 4.2 Fighting
 + Level 7.8 Ranged Weapons
 - Level 2.3 Armour
 - Level 1.5 Dodging
 - Level 1.1 Stealth


You had 6 spell levels left.
You didn't know any spells.
Your spell library was empty.

Inventory:

Hand Weapons
 Y - a +1 shortbow (weapon)
Armour
 a - a scarf of repulsion (worn)
 f - a +0 pair of gloves (worn)
 h - a +0 ring mail (worn)
 j - a +2 pair of boots (worn)
 p - a +1 hat (worn)
Scrolls
 e - a scroll of torment {unknown}
 k - 2 scrolls of teleportation
 m - a scroll of immolation {unknown}
 q - a scroll of fog {unknown}
 r - a scroll of silence {unknown}
 s - a scroll of identify
Potions
 b - a potion of might {unknown}
 c - a potion of brilliance {unknown}
 d - 2 potions of haste
 g - 2 potions of heal wounds
 i - 2 potions of enlightenment
 l - 3 potions of curing
 n - a potion of attraction {unknown}
 o - a potion of ambrosia {unknown}

Dungeon Overview and Level Annotations

Branches:
Dungeon (4/15)
 Temple: D:4-7

Altars:
Dithmenos
Trog
Uskayaw
Zin

Shops:
D:1 [

Annotations:
D:3 1 runed translucent door, Crazy Yiuf
D:4 Dowan


Message History

Dowan blinks!
Items here: %% ) [.
You start resting.
A dart slug is nearby!
You shoot an arrow. The arrow hits the dart slug.
The dart slug is almost dead.
The dart slug launches a dart at you.
The slug dart hits you but does no damage.
You shoot an arrow. The arrow hits the dart slug.
You kill the dart slug!
You start resting.
Dowan is nearby!
You shoot an arrow. The arrow hits Dowan!
Dowan is moderately wounded.
Dowan points at you and mumbles some strange words.
The shard of ice misses you.
You shoot an arrow. The arrow hits Dowan.
Dowan is heavily wounded.
Dowan mumbles some strange words.
Dowan blinks!
You shoot an arrow. The arrow hits Dowan.
Dowan is heavily wounded.
Dowan points at you and mumbles some strange words.
The stone arrow hits you.
You shoot an arrow.
The arrow hits Dowan but does no damage.
Dowan is heavily wounded.
You shoot an arrow. The arrow hits Dowan!
Dowan is severely wounded.
Dowan gestures at you while chanting. The shard of ice hits you.
You shoot an arrow. The arrow barely misses Dowan.
Dowan hits you with a +0 dagger.
3297 ||| READING 3 scrolls of teleportation.
As you read the scroll of teleportation, it crumbles to dust.
You feel strangely unstable.
Dowan points at you and mumbles some strange words.
The shard of ice hits you!!
Ouch! That really hurt!
You die...

#................#%......#.##
.................#.......####
.................#......%#.##
....................._.%...##
.................#...%...####
###......w....####.......##..
#.....##.%.## #....%..##..
#....# ###e## ####.#####..
#@.# #.###.... #....%..#
#........ .....##....
#........... .#..
#....###.........( ##
...####..........# ..##
#........... ... #.....^.....
#... .....##...... .....
####...


You could see Dowan (fast).

Vanquished Creatures
  Grinder (D:3)
  Duvessa (D:4)
  3 hounds (D:4)
  Natasha (D:3)
  3 gnolls
  6 adders
  5 worms
  7 dart slugs
  14 orcs
  9 bats
  9 endoplasms
  6 giant cockroaches
  6 goblins
  10 hobgoblins
  4 jackals (D:2)
  A quokka (D:1)
  3 ball pythons
  4 frilled lizards
  7 kobolds
  12 rats
112 creatures vanquished.

Notes
Turn   | Place    | Note
-------+----------+-------------------------------------------
     0 | D:1      | qw the Gargoyle Hunter began the quest for the Orb.
     0 | D:1      | Reached XP level 1. HP: 12/12 MP: 1/1
     0 | D:1      | 0 ||| qw: Version: 0.3-a-75-g829b12e
     0 | D:1      | 0 ||| qw: Game counter: 197
     0 | D:1      | 0 ||| qw: Melee chars always use a shield: true
     0 | D:1      | 0 ||| qw: God list: Okawaru
     0 | D:1      | 0 ||| qw: Allow faded altars: false
     0 | D:1      | 0 ||| qw: Do Orc after clearing Dungeon:15 true
     0 | D:1      | 0 ||| qw: Do second Lair branch before Depths: true
     0 | D:1      | 0 ||| qw: Lair rune preference: random
     0 | D:1      | 0 ||| qw: Goals: Normal
     0 | D:1      | 0 ||| PLANNING D:1-11
    50 | D:1      | Found Tebbax's Armour Shoppe.
    59 | D:1      | 59 ||| SHOPLISTING +0 leather armour of the Valley of Death
                  | {rF+++ rC+ Will+ Str-5 Int+2} (503 gold, have 0).
    59 | D:1      | 59 ||| SHOPLISTING +0 ring mail (40 gold, have 0).
   101 | D:1      | Reached XP level 2. HP: 17/17 MP: 2/2
   488 | D:1      | Reached XP level 3. HP: 21/21 MP: 3/3
   692 | D:1      | 692 ||| UPGRADING to +0 pair of gloves.
   697 | D:1      | 697 ||| UPGRADING to +0 ring mail.
   707 | D:1      | 707 ||| DROPPING +0 leather armour.
   708 | D:1      | 708 ||| READING scroll labelled UHOOGY KAYCWO.
   709 | D:1      | 709 ||| DRINKING 2 puce potions.
   710 | D:1      | 710 ||| DRINKING 3 glowing clear potions.
   711 | D:1      | 711 ||| DROPPING scroll of butterflies.
   777 | D:2      | Reached skill level 1 in Armour
   820 | D:2      | Reached skill level 5 in Ranged Weapons
   923 | D:2      | Reached XP level 4. HP: 27/27 MP: 4/4
  1047 | D:2      | Reached skill level 3 in Fighting
  1452 | D:2      | 1452 ||| UPGRADING to scarf of repulsion.
  1457 | D:2      | 1457 ||| UPGRADING to +2 pair of boots.
  1462 | D:2      | 1462 ||| READING scroll labelled HECUBL UTRO.
  1465 | D:2      | 1465 ||| READING scroll labelled MABLUN HUORGHO.
  1466 | D:2      | 1466 ||| READING scroll labelled DALIUF XUL RIU.
  1474 | D:3      | 1474 ||| STAIRDANCE
  1550 | D:3      | 1550 ||| STAIRDANCE
  1555 | D:3      | 1555 ||| STAIRDANCE
  1567 | D:3      | Reached XP level 5. HP: 32/32 MP: 5/5
  1639 | D:3      | Noticed Grinder
  1652 | D:3      | Killed Grinder
  1653 | D:3      | Reached skill level 7 in Ranged Weapons
  1653 | D:3      | Reached XP level 6. HP: 25/37 MP: 6/6
  1863 | D:3      | Found a shadowy altar of Dithmenos.
  2144 | D:3      | Noticed Natasha
  2147 | D:3      | 2147 ||| Stepping ~*~*~tactically~*~*~ (outnumbered).
  2149 | D:3      | 2149 ||| Stepping ~*~*~tactically~*~*~ (outnumbered).
  2151 | D:3      | Killed Natasha
  2345 | D:3      | Found a runed translucent door.
  2346 | D:3      | Noticed Crazy Yiuf
  2394 | D:3      | Found a glowing silver altar of Zin.
  2395 | D:3      | Found Zin's Purification Station.
  2401 | D:3      | 2401 ||| BUYING potion of curing (90 gold).
  2401 | D:3      | Bought a potion of curing for 90 gold pieces
  2760 | D:3      | 2760 ||| UPGRADING to +1 hat.
  2765 | D:3      | 2765 ||| READING 2 scrolls labelled IRESHR ASMUOCW.
  2766 | D:3      | 2766 ||| READING scroll labelled ROPHU VEDEDOXU.
  2767 | D:3      | 2767 ||| DRINKING 3 golden potions.
  2768 | D:3      | 2768 ||| DROPPING scroll of noise.
  2800 | D:4      | 2800 ||| STAIRDANCE
  2919 | D:4      | 2919 ||| FLEEEEING.
  2988 | D:4      | Found a bloodstained altar of Trog.
  3058 | D:4      | Reached XP level 7. HP: 41/43 MP: 7/7
  3219 | D:4      | Found a hide-covered altar of Uskayaw.
  3254 | D:4      | Noticed Duvessa
  3256 | D:4      | Noticed Dowan
  3257 | D:4      | 3257 ||| RETREATING.
  3279 | D:4      | Killed Duvessa
  3282 | D:4      | 3282 ||| Stepping ~*~*~tactically~*~*~ (outnumbered).
  3296 | D:4      | HP: 6/43 [Dowan/+0 dagger (5)]
  3297 | D:4      | 3297 ||| READING 3 scrolls of teleportation.
  3297 | D:4      | Killed from afar by Dowan

Levels and vault maps discovered:
D:1:      co_arrival_square_in_a_square_in_a_square, layout_basic, serial_shops,
          shop
D:2:      kennysheep_six_static_rooms, layout_basic
D:3:      minmay_diamond_boxcup, layout_loops_corners, lemuel_round_altar,
          zin_purify, grunt_ministairs_8, uniq_crazy_yiuf_cottage, uniq_grinder,
          uniq_natasha
D:4:      layout_cave_pools, makhleb_altar_promises_db,
          nicolae_uskayaw_murder_on_the_dancefloor, trog_three_pillars_becter,
          uniq_duvessa

Skill      XL: |  1  2  3  4  5  6 |
---------------+-------------------+-----
Armour         | 1 2 |  2.3
Ranged Weapons | 5 7 |  7.8
Fighting       | 3 4 |  4.2
Dodging        | |  1.5
Stealth        | |  1.1

Action                     |  1- 3 |  4- 6 |  7- 9 || total
---------------------------+-------+-------+-------++-------
   Fire: Shortbow          |    97 |   218 |    64 ||   379
    Use: Potion            |     2 |     1 |       ||     3
         Scroll            |     1 |     5 |     1 ||     7
 Armour: Leather armour    |    23 |       |       ||    23
         Ring mail         |     4 |   101 |    34 ||   139
  Dodge: Dodged            |    25 |    86 |    24 ||   135
         Repelled          |       |     1 |     1 ||     2

Table legend:
 A = Non-vault XP
 B = Vault XP
 C = Vault XP percentage of total XP
 D = Non-vault monster count
 E = Vault monster count
 F = Vault count percentage of total count
                 A         B        C        D         E       F
            +---------+---------+-------+---------+---------+-------
      Total |     421 |     482 |  53.4 |      95 |      17 |  15.2
            +---------+---------+-------+---------+---------+-------
        D:1 |      37 |       0 |   0.0 |      23 |       0 |   0.0
        D:2 |      90 |      25 |  21.7 |      25 |       8 |  24.2
        D:3 |      83 |     303 |  78.5 |      26 |       8 |  23.5
        D:4 |     211 |     154 |  42.2 |      21 |       1 |   4.5
            +---------+---------+-------+---------+---------+-------
